 Dungeon Crawl Stone Soup version 0.31-a0-1570-g93c622d222 (webtiles) character file.

Game seed: 12301007961665281640

7 MackTheKnife the Trooper (level 2, 0/28 HPs)
             Began as a Naga Berserker on Jan 3, 2024.
             Was a Follower of Trog.
             Slain by a goblin
             ... wielding a +0 club
              (1 damage)
             ... on level 1 of the Dungeon.
             The game lasted 00:00:22 (55 turns).

MackTheKnife the Trooper (Naga Berserker)             Turns: 55, Time: 00:00:23

Health: 0/28       AC:  1    Str: 19    XL:     2   Next: 4%
Magic:  2/2        EV:  9    Int:  7    God:    Trog [*.....]
Gold:   0          SH:  0    Dex: 10    Spells: 1/1 levels left

rFire   . . .        a - +0 hand axe {axe}
rCold   . . .        (no shield)
rNeg    . . .        b - +0 animal skin
rPois   +            (no helmet)
rElec   .            (no cloak)
rCorr   .            (no gloves)
SInv    +            (no barding)
Will    .....        (no amulet)
Stlth   +            (no ring)
HPRegen 0.24/turn    (no ring)
MPRegen 0.08/turn

%: no passive effects
@: on berserk cooldown, slowed, very slow
A: AC +0, large, see invisible, deformed body, poison resistance, slowness 2,
spit poison 1, naga tail 1
a: Spit Poison, Renounce Religion, Berserk


You were on level 1 of the Dungeon.
You worshipped Trog.
Trog was aware of your devotion.
You visited 1 branch of the dungeon, and saw 1 of its levels.


Innate Abilities, Weirdness & Mutations

Your serpentine skin is tough. (AC +0)
You have supernaturally acute eyesight. (SInv)
Armour fits poorly on your strangely shaped body.
Your system is resistant to poisons. (rPois)
You cover ground very slowly.
You can spit poison.
You have a snake-like lower body.


   Skills:
 + Level 3.2 Fighting
 + Level 3.2 Axes
 - Level 1.5 Armour
 - Level 1.5 Dodging


You had one spell level left.
You didn't know any spells.
Your spell library was empty.

Inventory:

Hand Weapons
 a - a +0 hand axe (weapon) {axe}
Armour
 b - a +0 animal skin (worn)

Dungeon Overview and Level Annotations

Branches:
Dungeon (1/15) Zot: 5922

Altars:

##.###..#
#...##..#####>.
#..)).....#..
#######.##†.###.#..
......#.##..# #.#.#
#####...##..# #.#.#
#≈≈S#.####..# #.#r#
#≈≈≈#.# #..# #.#g#
#≈≈≈#.# #..# #.@#
#####.# #..# #.##
......# #.##
#####.# ..# #≈≈S#.#
### #≈≈≈#.# #≈≈≈#.#
#####... ....).###


You could see a quokka and a goblin.


Message History

You miss the quokka.
The jackal barks!
The quokka barely misses you. The quokka closely misses you.
You hit the quokka. The quokka bites you. 😕 HP[-1]
You take 1 damage, and now have 20/21 hp.
You hit the quokka.
You kill the quokka!
Trog accepts your kill. The goblin attacks as it pursues you!
The goblin hits you with a +0 club. The goblin misses you. 😕 HP[-4]
You take 4 damage, and now have 16/21 hp.
You closely miss the goblin.
The goblin hits you with a +0 club. 😮 HP[-2]
You take 2 damage, and now have 14/21 hp.
You are too injured to fight recklessly!
You are too injured to fight recklessly!
You are too injured to fight recklessly!
You completely miss the goblin. The goblin hits you but does no damage.
You closely miss the goblin. Your punch misses the goblin.
The goblin hits you with a +0 club.
* * * LOW HITPOINT WARNING * * *
😨 HP[-4]
You take 4 damage, and now have 10/21 hp.
Aiming: Spit Poison (3% risk of failure)
Press: ? - help, Shift-Dir - straight line, f - goblin
Aim: a goblin, wielding a +0 club (43% to hit)
The splash of poison hits the goblin.
The goblin closely misses you.
You hit the goblin.
You kill the goblin!
Trog accepts your kill. The jackal bites you.
* * * LOW HITPOINT WARNING * * *
😨 HP[-2]
You take 2 damage, and now have 8/21 hp.
You hit the jackal.
You kill the jackal!
Trog accepts your kill. The jackal closely misses you.
You closely miss the jackal. The jackal bites you.
* * * LOW HITPOINT WARNING * * *
The jackal bites you.
* * * LOW HITPOINT WARNING * * *
😱 HP[-3]
You take 3 damage, and now have 5/21 hp.
A red film seems to cover your vision as you go berserk!
You feel yourself moving faster!
You feel mighty! The jackal barely misses you. 😱 HP[+2]
You now have 31 max hp (+10).
You regained 2 hp, and now have 7/31 hp.
You slash the jackal!
You kill the jackal!
Trog accepts your kill.
You have got your breath back.
The goblin barely misses you.
You see here a +0 club {mace}. 😨 HP[+1]
You barely miss the goblin. The goblin hits you with a +0 club.
* * * LOW HITPOINT WARNING * * *
😱 HP[-3]
You take 3 damage, and now have 5/31 hp.
You slice the goblin!!
You kill the goblin!
Trog accepts your kill.
You have reached level 2! 😱 HP[+2] MP[+1]
You now have 42 max hp (+11).
You regained 2 hp, and now have 7/42 hp.
Your mp is fully restored (2).
Unknown command.
You feel a strong urge to attack something. 😱 HP[+1]
You are no longer berserk.
You are exhausted.
You feel yourself slow down. 😱 HP[-3]
You now have 28 max hp (-14). 😱 HP[+1] 😱 HP[+1] 😨 HP[+2]
You regained 2 hp, and now have 9/28 hp.
A goblin comes into view. It is wielding a +0 club.
Found a robe.
Found a stone staircase leading down.
The goblin shouts!
A quokka comes into view.
The goblin misses you.
There are monsters nearby!
You barely miss the goblin. The goblin hits you with a +0 club.
* * * LOW HITPOINT WARNING * * *
You hit the goblin. The goblin hits you with a +0 club.
* * * LOW HITPOINT WARNING * * *
The goblin hits you with a +0 club.
* * * LOW HITPOINT WARNING * * *
😱 HP[-4]
You take 4 damage, and now have 5/28 hp.
You hit the goblin. The goblin hits you with a +0 club.
* * * LOW HITPOINT WARNING * * *
The goblin hits you with a +0 club.
You die...

Action                     || total
---------------------------++-------
  Melee: Hand axe          ||    17
 Invoke: Berserk           ||     1
Ability: Spit Poison       ||     1
 Armour: Animal skin       ||    16
  Dodge: Dodged            ||     9

Levels and vault maps discovered:
D:1:      arrival_aquarium_b, layout_loops_ring

Notes
Turn   | Place    | Note
-------+----------+-------------------------------------------
     0 | D:1      | MackTheKnife the Naga Berserker began the quest for the
                  | Orb.
     0 | D:1      | Reached XP level 1. HP: 21/21 MP: 1/1
     0 | D:1      | magus.rc [v1.9.6]
     3 | D:1      | Noticed an electric eel
     4 | D:1      | Noticed an electric eel
    36 | D:1      | HP: 5/21 [jackal (2)]
    42 | D:1      | Reached XP level 2. HP: 7/28 MP: 2/2
    54 | D:1      | HP: 7/28 [goblin/+0 club (2)]
    55 | D:1      | HP: 1/28 [goblin/+0 club (4)]
    55 | D:1      | Slain by a goblin

Vanquished Creatures
  2 jackals (D:1)
  2 quokkas (D:1)
  2 goblins (D:1)
6 creatures vanquished.

Table legend:
 A = Non-vault XP
 B = Vault XP
 C = Vault XP percentage of total XP
 D = Non-vault monster count
 E = Vault monster count
 F = Vault count percentage of total count
                 A         B        C        D         E       F
            +---------+---------+-------+---------+---------+-------
      Total |      11 |       0 |   0.0 |       6 |       0 |   0.0
            +---------+---------+-------+---------+---------+-------
        D:1 |      11 |       0 |   0.0 |       6 |       0 |   0.0
            +---------+---------+-------+---------+---------+-------

Action                     || total
---------------------------++-------
  Melee: Hand axe          ||    17
 Invoke: Berserk           ||     1
Ability: Spit Poison       ||     1
 Armour: Animal skin       ||    16
  Dodge: Dodged            ||     9

Illustrated notes

Table legend:
 A = Kills in this place as a percentage of kills in the entire game.
 B = Kills by you in this place as a percentage of kills by you in the entire game.
 C = Kills by friends in this place as a percentage of kills by friends in the entire game.
 D = Other kills in this place as a percentage of other kills in the entire game.
 E = Experience gained in this place as a percentage of experience gained in the entire game.
 F = Experience gained in this place divided by the number of levels of this place that you have seen.
                   A       B       C       D       E      F
               +-------+-------+-------+-------+-------+----------------------
         Total | 100.0 | 100.0 |   N/A |   N/A | 100.0 |  11.0
       Dungeon | 100.0 | 100.0 |   N/A |   N/A | 100.0 |  11.0
               +-------+-------+-------+-------+-------+----------------------

Table legend: (Time is in decaauts)
 A = Elapsed time spent in this place.
 B = Non-inter-level travel time spent in this place.
 C = Inter-level travel time spent in this place.
 D = Time resting spent in this place.
 E = Time spent auto-exploring this place.
 F = Levels seen in this place.
 G = Mean time per level.
                   A        B        C        D        E       F      G
               +--------+--------+--------+--------+--------+-----+--------+
         Total |     75 |     75 |      0 |      0 |     29 |   1 |   75.0 |
       Dungeon |     75 |     75 |      0 |      0 |     29 |   1 |   75.0 |
               +--------+--------+--------+--------+--------+-----+--------+

Top non-repeatable levels by time:
     D:1: 75 daAuts
